TOP OF THE 1ST |
Connecticut Tigers batting - Pitching for Hudson Valley Renegades : RHP Kyle Thomas
|
Pitching: RHP Kyle Thomas
|
|
Batting: RHB John Welch
|
0-0: Ball 1-0: Ball 2-0: Swinging Strike 2-1: SINGLE (Groundball, 6D, EV 103.8 MPH)
|
Batting: SHB Adam Weber
|
0-0: Ball John Welch is caught stealing 2nd base 2-6 1-0: Called Strike 1-1: Ball 2-1: Foul Ball, location: 2F 2-2: Ball 3-2: SINGLE (Line Drive, 89S, EV 91.9 MPH)
|
Batting: RHB Aaron Cusick
|
0-0: Ball 1-0: Foul Ball, location: 2F 1-1: Called Strike 1-2: Grounds into double play, 6-4-3 (Groundball, 6, EV 85.6 MPH)
|
Top of the 1st over - 0 runs, 2 hits, 0 errors, 0 left on base; Connecticut 0 - Hudson Valley 0 |
BOTTOM OF THE 1ST |
Hudson Valley Renegades batting - Pitching for Connecticut Tigers : RHP Andy Miller
|
Pitching: RHP Andy Miller
|
|
Batting: LHB Dan Hunt
|
0-0: SINGLE (Line Drive, 78S, EV 100.0 MPH)
|
Batting: RHB Jesse Haddad
|
0-0: Ball 1-0: Ball 2-0: Ball Dan Hunt steals 2nd base (no throw) 3-0: Called Strike 3-1: Ground out 6-3 (Groundball, 56, EV 80.0 MPH)
|
Batting: RHB Freddy Mullen
|
0-0: Called Strike Dan Hunt steals 3rd base 0-1: Ball 1-1: Ball 2-1: Ball 3-1: Foul Ball, location: 2F 3-2: Fly out, F8 (Flyball, 8RM, EV 96.9 MPH)
|
Batting: SHB Suljo Dokic
|
0-0: Ball Wild Pitch! Dan Hunt scores 1-0: Ball 2-0: Ball 3-0: Base on Balls
|
Batting: RHB Mark Richert
|
0-0: DOUBLE (Line Drive, 78D, EV 112.5 MPH) Suljo Dokic to third Runner from 3rd tries for Home, SAFE, throw by LF to home
|
Batting: LHB Killian Chaumont
|
0-0: Ball 1-0: Ball 2-0: Called Strike 2-1: Fly out, F5 (Line Drive, 5, EV 68.8 MPH)
|
Bottom of the 1st over - 2 runs, 2 hits, 0 errors, 1 left on base; Connecticut 0 - Hudson Valley 2 |
TOP OF THE 2ND |
Connecticut Tigers batting - Pitching for Hudson Valley Renegades : RHP Kyle Thomas
|
Batting: RHB Eric Angelle
|
0-0: Foul Ball, location: 2F 0-1: Ball 1-1: Ball 2-1: Called Strike 2-2: Strikes out looking
|
Batting: RHB Keith Hoffman
|
0-0: Ball 1-0: Foul Ball, location: 2F 1-1: Ball 2-1: Fly out, F8 (Flyball, 8LXD, EV 99.4 MPH)
|
Batting: RHB Tanner Purchase
|
0-0: Swinging Strike 0-1: Foul Ball, location: 2F 0-2: Ball 1-2: Fly out, F8 (Flyball, 8RM, EV 82.5 MPH)
|
Top of the 2nd over - 0 runs, 0 hits, 0 errors, 0 left on base; Connecticut 0 - Hudson Valley 2 |
BOTTOM OF THE 2ND |
Hudson Valley Renegades batting - Pitching for Connecticut Tigers : RHP Andy Miller
|
Batting: SHB Josif Popovski
|
0-0: Fly out, F5 (Popup, 56S, EV 86.3 MPH)
|
Batting: RHB Chris Glavin
|
0-0: Reached on error, E6 (Groundball, 6, EV 95.0 MPH)
|
Batting: SHB Tirta Subandrio
|
0-0: Ground out 5-3 (Groundball, 56, EV 85.0 MPH)
|
Batting: LHB Dan Hunt
|
0-0: Swinging Strike 0-1: Foul Ball, location: 2F 0-2: Ground out 4-3 (Groundball, 4, EV 90.0 MPH)
|
Bottom of the 2nd over - 0 runs, 0 hits, 1 error, 1 left on base; Connecticut 0 - Hudson Valley 2 |
TOP OF THE 3RD |
Connecticut Tigers batting - Pitching for Hudson Valley Renegades : RHP Kyle Thomas
|
Batting: RHB Brandon O'Malley
|
0-0: Ground out U3 (Groundball, 3, EV 80.0 MPH)
|
Batting: RHB Jamie Bass
|
0-0: Called Strike 0-1: Ball 1-1: Ball 2-1: Swinging Strike 2-2: Ball 3-2: Foul Ball, location: 2F 3-2: Ground out 5-3 (Groundball, 56S, EV 70.6 MPH)
|
Batting: RHB Riley Menger
|
0-0: Swinging Strike 0-1: Called Strike 0-2: Strikes out swinging
|
Top of the 3rd over - 0 runs, 0 hits, 0 errors, 0 left on base; Connecticut 0 - Hudson Valley 2 |
BOTTOM OF THE 3RD |
Hudson Valley Renegades batting - Pitching for Connecticut Tigers : RHP Andy Miller
|
Batting: RHB Jesse Haddad
|
0-0: Called Strike 0-1: DOUBLE (Line Drive, 89D, EV 107.5 MPH)
|
Batting: RHB Freddy Mullen
|
0-0: Ball 1-0: Foul Ball, location: 2F 1-1: Called Strike 1-2: Foul Ball, location: 2F 1-2: SINGLE (Groundball, 6D, EV 103.1 MPH) Jesse Haddad to third Runner from 3rd tries for Home, SAFE, throw by CF to home
|
Batting: SHB Suljo Dokic
|
0-0: Called Strike 0-1: Swinging Strike 0-2: Ball 1-2: Hit by Pitch Freddy Mullen to second
|
Batting: RHB Mark Richert
|
0-0: Ball 1-0: Ball 2-0: Swinging Strike 2-1: Ball 3-1: Foul Ball, location: 2F 3-2: SINGLE (Groundball, 4MD, EV 106.9 MPH) Freddy Mullen to third Suljo Dokic to second
|
Batting: LHB Killian Chaumont
|
0-0: Ball 1-0: Ball 2-0: Ball 3-0: Base on Balls Freddy Mullen scores Suljo Dokic to third Mark Richert to second
|
Batting: SHB Josif Popovski
|
0-0: Ball 1-0: Called Strike 1-1: Foul Ball, location: 2F 1-2: Strikes out swinging
|
Batting: RHB Chris Glavin
|
0-0: Fly out, F8 (Flyball, 8LD, EV 96.3 MPH) Runner from 3rd tags up, SCORES, throw by CF Mark Richert to third
|
Batting: SHB Tirta Subandrio
|
0-0: Ball Passed Ball! Mark Richert scores Killian Chaumont to second 1-0: Ball 2-0: Swinging Strike 2-1: Swinging Strike 2-2: Strikes out swinging wild pitch, reaches first! Killian Chaumont to third
|
Batting: LHB Dan Hunt
|
0-0: Ball 1-0: Fly out, F7 (Line Drive, 7, EV 86.9 MPH)
|
Bottom of the 3rd over - 4 runs, 3 hits, 0 errors, 2 left on base; Connecticut 0 - Hudson Valley 6 |
TOP OF THE 4TH |
Connecticut Tigers batting - Pitching for Hudson Valley Renegades : RHP Kyle Thomas
|
Batting: RHB John Welch
|
0-0: Called Strike 0-1: Ball 1-1: Foul Ball, location: 2F 1-2: Foul Ball, location: 2F 1-2: Strikes out swinging
|
Batting: SHB Adam Weber
|
0-0: Fly out, F9 (Flyball, 9S, EV 81.9 MPH)
|
Batting: RHB Aaron Cusick
|
0-0: Called Strike 0-1: Fly out, F7 (Flyball, 7LM, EV 90.6 MPH)
|
Top of the 4th over - 0 runs, 0 hits, 0 errors, 0 left on base; Connecticut 0 - Hudson Valley 6 |
BOTTOM OF THE 4TH |
Hudson Valley Renegades batting - Pitching for Connecticut Tigers : RHP Andy Miller
|
Pitching: RHP Fernando Mendez
|
|
Batting: RHB Jesse Haddad
|
0-0: Ball 1-0: Foul Ball, location: 2F 1-1: Foul Ball, location: 2F 1-2: Ball 2-2: Ball 3-2: Base on Balls
|
Batting: RHB Freddy Mullen
|
0-0: Called Strike 0-1: Called Strike Jesse Haddad steals 2nd base 0-2: Ball 1-2: Ball 2-2: Ground out 4-3 (Groundball, 34, EV 83.8 MPH) Jesse Haddad to third
|
Batting: SHB Suljo Dokic
|
0-0: Ball 1-0: Ball 2-0: Ball 3-0: Called Strike 3-1: Ground out 4-3 (Groundball, 4, EV 95.0 MPH) Jesse Haddad scores
|
Batting: RHB Mark Richert
|
0-0: Ball 1-0: Called Strike 1-1: Swinging Strike 1-2: Ball 2-2: Ball 3-2: Base on Balls
|
Batting: LHB Killian Chaumont
|
0-0: Ball 1-0: Fielders Choice at 2nd, U4 (Groundball, 4M, EV 87.5 MPH)
|
Bottom of the 4th over - 1 run, 0 hits, 0 errors, 1 left on base; Connecticut 0 - Hudson Valley 7 |
TOP OF THE 5TH |
Connecticut Tigers batting - Pitching for Hudson Valley Renegades : RHP Kyle Thomas
|
Batting: RHB Eric Angelle
|
0-0: Swinging Strike 0-1: Fly out, F4 (Popup, 4D, EV 66.3 MPH)
|
Batting: RHB Keith Hoffman
|
0-0: Foul Ball, location: 2F 0-1: SINGLE (Groundball, 4MD, EV 97.5 MPH)
|
Batting: RHB Tanner Purchase
|
0-0: Ball 1-0: Ball 2-0: Ball 3-0: Base on Balls Keith Hoffman to second
|
Batting: RHB Brandon O'Malley
|
0-0: 3-RUN HOME RUN (Flyball, 89XD, EV 105.6 MPH), Distance : 410 ft
|
Batting: RHB Jamie Bass
|
0-0: Swinging Strike 0-1: Foul Ball, location: 2F 0-2: Ball 1-2: Foul Ball, location: 2F 1-2: Foul Ball, location: 2F 1-2: Strikes out swinging
|
Batting: RHB Riley Menger
|
0-0: TRIPLE (Flyball, 89XD, EV 98.1 MPH)
|
Batting: RHB John Welch
|
0-0: Ground out 6-3 (Groundball, 56D, EV 85.0 MPH)
|
Top of the 5th over - 3 runs, 3 hits, 0 errors, 1 left on base; Connecticut 3 - Hudson Valley 7 |
BOTTOM OF THE 5TH |
Hudson Valley Renegades batting - Pitching for Connecticut Tigers : RHP Fernando Mendez
|
Batting: SHB Josif Popovski
|
0-0: Ground out 6-3 (Groundball, 6S, EV 77.5 MPH)
|
Batting: RHB Chris Glavin
|
0-0: Foul Ball, location: 2F 0-1: Ball 1-1: Ball 2-1: Ball 3-1: Base on Balls
|
Batting: SHB Tirta Subandrio
|
0-0: Ball 1-0: Called Strike 1-1: Ball 2-1: Ball 3-1: Base on Balls Chris Glavin to second
|
Pitching: RHP David Esposito
|
|
Batting: LHB Dan Hunt
|
0-0: Foul Ball, location: 2F 0-1: Ball 1-1: Ball 2-1: Ball 3-1: Foul Ball, location: 2F 3-2: Grounds into double play, 4-6-3 (Groundball, 34D, EV 94.4 MPH)
|
Bottom of the 5th over - 0 runs, 0 hits, 0 errors, 1 left on base; Connecticut 3 - Hudson Valley 7 |
TOP OF THE 6TH |
Connecticut Tigers batting - Pitching for Hudson Valley Renegades : RHP Kyle Thomas
|
Batting: SHB Adam Weber
|
0-0: Ball 1-0: Ball 2-0: Ball 3-0: Base on Balls
|
Batting: RHB Aaron Cusick
|
0-0: Called Strike 0-1: Fielders Choice at 2nd, 6-4 (Groundball, 56, EV 95.0 MPH)
|
Batting: RHB Eric Angelle
|
0-0: Ball 1-0: Ball 2-0: Called Strike 2-1: Ball 3-1: Grounds into double play, 4-6-3 (Groundball, 4, EV 110.6 MPH)
|
Top of the 6th over - 0 runs, 0 hits, 0 errors, 0 left on base; Connecticut 3 - Hudson Valley 7 |
BOTTOM OF THE 6TH |
Hudson Valley Renegades batting - Pitching for Connecticut Tigers : RHP David Esposito
|
Batting: RHB Jesse Haddad
|
0-0: Called Strike 0-1: Ball 1-1: SINGLE (Groundball, 4MD, EV 105.0 MPH)
|
Batting: RHB Freddy Mullen
|
0-0: Called Strike 0-1: Grounds into double play, 5-4-3 (Groundball, 56S, EV 79.4 MPH)
|
Batting: SHB Suljo Dokic
|
0-0: Ball 1-0: Ball 2-0: Ball 3-0: Fly out, F6 (Popup, 4M, EV 58.1 MPH)
|
Bottom of the 6th over - 0 runs, 1 hit, 0 errors, 0 left on base; Connecticut 3 - Hudson Valley 7 |
TOP OF THE 7TH |
Connecticut Tigers batting - Pitching for Hudson Valley Renegades : RHP Kyle Thomas
|
Batting: RHB Keith Hoffman
|
0-0: Called Strike 0-1: Ball 1-1: Ball 2-1: Ball 3-1: Fly out, F8 (Line Drive, 8LD, EV 100.6 MPH)
|
Batting: RHB Tanner Purchase
|
0-0: Called Strike 0-1: Ball 1-1: Foul Ball, location: 2F 1-2: Ground out 5-3 (Groundball, 56, EV 86.3 MPH)
|
Batting: RHB Brandon O'Malley
|
0-0: Ball 1-0: Ball 2-0: Ball 3-0: Called Strike 3-1: Called Strike 3-2: Strikes out swinging
|
Top of the 7th over - 0 runs, 0 hits, 0 errors, 0 left on base; Connecticut 3 - Hudson Valley 7 |
BOTTOM OF THE 7TH |
Hudson Valley Renegades batting - Pitching for Connecticut Tigers : RHP David Esposito
|
Pitching: LHP Chris Woodruff
|
|
Batting: RHB Mark Richert
|
0-0: Called Strike 0-1: Ball 1-1: Ground out U3 (Groundball, 23, EV 77.5 MPH)
|
Batting: LHB Killian Chaumont
|
0-0: Ball 1-0: Swinging Strike 1-1: Foul Ball, location: 2F 1-2: Ball 2-2: Strikes out swinging
|
Batting: SHB Josif Popovski
|
0-0: Called Strike 0-1: Foul Ball, location: 2F 0-2: Ball 1-2: Ball 2-2: SINGLE (Flyball, 4MD, EV 90.0 MPH)
|
Batting: RHB Chris Glavin
|
0-0: Ball Josif Popovski is caught stealing 2nd base 2-4
|
Bottom of the 7th over - 0 runs, 1 hit, 0 errors, 0 left on base; Connecticut 3 - Hudson Valley 7 |
TOP OF THE 8TH |
Connecticut Tigers batting - Pitching for Hudson Valley Renegades : RHP Kyle Thomas
|
Batting: RHB Jamie Bass
|
0-0: Ball 1-0: Ball 2-0: DOUBLE (Line Drive, 78M, EV 111.9 MPH)
|
Pitching: RHP Josh McMahan
|
|
Batting: RHB Riley Menger
|
0-0: Ball 1-0: Called Strike 1-1: Swinging Strike 1-2: Ground out 6-3 (Groundball, 56, EV 108.8 MPH)
|
Batting: RHB John Welch
|
0-0: Ball 1-0: SINGLE (Flyball, 34D, EV 81.3 MPH) Jamie Bass to third
|
Batting: SHB Adam Weber
|
0-0: DOUBLE (Line Drive, 9LS, EV 115.0 MPH) Jamie Bass scores John Welch to third
|
Batting: RHB Aaron Cusick
|
0-0: Called Strike 0-1: Ball 1-1: SINGLE (Groundball, 13S, EV 68.1 MPH) (infield hit)
|
Batting: RHB Eric Angelle
|
0-0: Ball 1-0: Foul Ball, location: 2F 1-1: Ball 2-1: Foul Ball, location: 2F 2-2: SINGLE (Line Drive, 4D, EV 105.0 MPH) John Welch scores Adam Weber to third Aaron Cusick to second Runner from 3rd tries for Home, SAFE, throw by CF to home
|
Batting: RHB Keith Hoffman
|
0-0: Ball 1-0: Ball 2-0: Foul Ball, location: 2F 2-1: Ball 3-1: Called Strike 3-2: Strikes out looking
|
Batting: RHB Tanner Purchase
|
0-0: Called Strike 0-1: Swinging Strike 0-2: Foul Ball, location: 2F 0-2: Strikes out swinging
|
Top of the 8th over - 3 runs, 5 hits, 0 errors, 2 left on base; Connecticut 6 - Hudson Valley 7 |
BOTTOM OF THE 8TH |
Hudson Valley Renegades batting - Pitching for Connecticut Tigers : LHP Chris Woodruff
|
Pitching: RHP Vic Flores
|
|
Batting: RHB Chris Glavin
|
0-0: Called Strike 0-1: Fly out, F6 (Line Drive, 6, EV 75.0 MPH)
|
Pitching: RHP Tony Kepp
|
|
Batting: SHB Tirta Subandrio
|
0-0: Called Strike 0-1: Ball 1-1: Called Strike 1-2: Foul Ball, location: 2F 1-2: Foul Ball, location: 2F 1-2: Strikes out looking
|
Batting: LHB Dan Hunt
|
0-0: SINGLE (Groundball, 25, EV 69.4 MPH) (infield hit)
|
Batting: RHB Jesse Haddad
|
0-0: Called Strike Dan Hunt steals 2nd base 0-1: Called Strike Dan Hunt steals 3rd, throwing error, E2 Dan Hunt scores 0-2: Ball 1-2: SINGLE (Groundball, 4MD, EV 101.9 MPH)
|
Batting: RHB Freddy Mullen
|
0-0: Called Strike Jesse Haddad steals 2nd base 0-1: Ground out 4-3 (Groundball, 4, EV 90.0 MPH)
|
Bottom of the 8th over - 1 run, 2 hits, 1 error, 1 left on base; Connecticut 6 - Hudson Valley 8 |
TOP OF THE 9TH |
Connecticut Tigers batting - Pitching for Hudson Valley Renegades : RHP Josh McMahan
|
Pitching: RHP Chris Marino
|
|
Batting: RHB Brandon O'Malley
|
0-0: Ball 1-0: Ball 2-0: Called Strike 2-1: Ground out 6-3 (Groundball, 6, EV 85.0 MPH)
|
Pinch Hitting: LHB Miguel Bojorquez
|
0-0: Ground out U3 (Groundball, 34, EV 103.8 MPH)
|
Batting: RHB Riley Menger
|
0-0: Ball 1-0: Ball 2-0: Foul Ball, location: 2F 2-1: Swinging Strike 2-2: Strikes out swinging
|
Top of the 9th over - 0 runs, 0 hits, 0 errors, 0 left on base; Connecticut 6 - Hudson Valley 8 |
|